 Dungeon Crawl Stone Soup version 0.22-a0-135-g6f012ad (webtiles) character file.

25 nono the Insei (level 3, 0/17 HPs)
             Began as a Vine Stalker Transmuter on Jan 31, 2018.
             Slain by a sky beast (4 damage)
             ... on level 3 of the Dungeon.
             The game lasted 00:03:28 (560 turns).

nono the Insei (Vine Stalker Transmuter)             Turns: 560, Time: 00:03:30

Health: 0/17       AC:  2    Str: 12    XL:     3   Next: 6%
Magic:  0/8        EV: 19    Int: 14    God:
Gold:   78         SH:  0    Dex: 19    Spells: 2/8 levels left

rFire    . . .     SeeInvis .     - Unarmed
rCold    . . .     Gourm    .   (shield currently unavailable)
rNeg     . . .     Faith    .   (armour currently unavailable)
rPois    x         Spirit   +   (helmet currently unavailable)
rElec    .         Reflect  .   (cloak currently unavailable)
rCorr    .         Harm     .   (gloves currently unavailable)
MR       .....                  (boots currently unavailable)
Stlth    ++........             (no amulet)
HPRegen  0.05/turn              (no ring)
MPRegen  0.11/turn              (no ring)

@: spider-form, very slightly contaminated
A: tiny, magic shield, no potion heal 3, rot immunity
a: End Transformation


You were on level 3 of the Dungeon.
You were not hungry.
You were a venomous arachnid creature.
You visited 1 branch of the dungeon, and saw 3 of its levels.

You collected 78 gold pieces.

Inventory:

Hand Weapons
 k - a cursed -2 dagger
Missiles
 a - 11 arrows
Armour
 b - a +0 robe (melded)
 f - a +0 buckler
Scrolls
 e - a scroll of remove curse {unknown}
 g - a scroll of teleportation {unknown}
 h - a scroll of enchant armour {unknown}
 i - a scroll of noise {unknown}
Potions
 j - 2 potions of degeneration {unknown}
Books
 c - a book of Changes

   Spells                             Type                      Level
   a - Beastly Appendage              Transmutation                1
   b - Sticks to Snakes               Transmutation                2
   c - Spider Form                    Transmutation/Poison         3
   d - Ice Form                       Ice/Transmutation            4
   e - Blade Hands                    Transmutation                5
 l - a book of Maledictions

   Spells                             Type                      Level
   a - Corona                         Hexes                        1
   b - Ensorcelled Hibernation        Hexes/Ice                    2
   c - Confuse                        Hexes                        3
   d - Tukima's Dance                 Hexes                        3
   e - Dazzling Spray                 Conjuration/Hexes            3
Comestibles
 d - 3 rations
 m - a chunk of flesh


   Skills:
 - Level 0.8 Fighting
 - Level 1.5 Dodging
 - Level 3.0 Unarmed Combat
 - Level 3.0 Spellcasting
 + Level 2.8 Transmutations


You had 2 spell levels left.
You knew the following spells:

 Your Spells              Type           Power        Failure   Level  Hunger
a - Beastly Appendage     Tmut           #.....       19%         1    #......
b - Sticks to Snakes      Tmut           #.......     24%         2    ##.....
c - Spider Form           Tmut/Pois      #.........   56%         3    ###....


Dungeon Overview and Level Annotations

Branches:
Dungeon (3/15)

Altars:


Innate Abilities, Weirdness & Mutations

((You have extremely sharp teeth.))
When hurt, damage is shared between your health and your magic reserves.
((Your bite disrupts and absorbs the magic of your enemies.))
Potions cannot restore your health.
You are immune to rotting.


Message History

Training target 3.0 for Spellcasting reached!
Your Spellcasting skill increases to level 3!
You see here a frilled lizard corpse.
Your transformation is almost over.
A sky beast comes into view.
Casting: Beastly Appendage (safe; 7% risk of failure)
Confirm with . or Enter, or press ? or * to list all spells.
Your horns disappear.
You turn into a venomous arachnid creature.
Your +0 robe melds into your body.
You hit the sky beast.
The sky beast is poisoned.
The sky beast is lightly wounded.
The sky beast closely misses you.
You hit the sky beast but do no damage.
The sky beast looks as sick as possible!
The sky beast is lightly wounded.
The sky beast hits you.
* * * LOW HITPOINT WARNING * * *
The sky beast shocks you.
You die...

####.#.###
#........#
#.######†# #.# #.#
#.# #.# #.# #.# #.#
#.# #.# #.# #.# #s#
#†# #Y# #.# #.# #.#
#.# #.# #.# #.# ...
#########.# #..
)(.<.....#........
#########.###.###.#


You could see a sky beast.

Vanquished Creatures
  3 bats
  A giant cockroach (D:1)
  3 goblins (D:2)
  6 hobgoblins
  2 frilled lizards
  2 kobolds
  5 rats
22 creatures vanquished.

Vanquished Creatures (collateral kills)
  A giant cockroach (D:3)
  A goblin (D:3)
2 creatures vanquished.

Grand Total: 24 creatures vanquished

Notes
Turn   | Place    | Note
-------+----------+-------------------------------------------
     0 | D:1      | nono the Vine Stalker Transmuter began the quest for the Orb.
     0 | D:1      | Reached XP level 1. HP: 9/9 MP: 4/4
   173 | D:1      | Reached XP level 2. HP: 14/14 MP: 3/6
   237 | D:1      | Learned a level 2 spell: Sticks to Snakes
   508 | D:3      | Reached XP level 3. HP: 7/17 MP: 5/8
   533 | D:3      | Learned a level 3 spell: Spider Form
   554 | D:3      | Noticed a sky beast
   560 | D:3      | Slain by a sky beast

Vault maps used:
D:1:      saegor_arrival_under_anarchy, st_stairs_14,
          minmay_misc_feat_four_crosses, minmay_misc_feat_five,
          grunt_decor_mini_mirrors, minmay_misc_feat_rows
D:2:      hex_tiny, minmay_misc_feat_secret_circle
D:3:      minitemple

Skill      XL: |  1  2  3 |
---------------+----------+-----
Spellcasting   | 3 |  3.0
Fighting       | |  0.8
Dodging        | |  1.5
Unarmed Combat | |  3.0
Transmutations | |  2.8

Action                   || total
-------------------------++-------
Melee: Unarmed           ||    61
       Kick              ||     7
       Bite              ||    11
       Headbutt          ||     3
 Cast: Beastly Appendage ||    16
       Sticks to Snakes  ||     1
       Spider Form       ||     1
 Stab: Sleeping          ||     1
Armor: Robe              ||     5
Dodge: Dodged            ||    29

Table legend:
 A = Spawn XP
 B = Non-spawn XP
 C = Spawn XP percentage of total XP
 D = Spawn monster count
 E = Non-spawn monster count
 F = Spawn count percentage of total count
 G = Total turns spent on level
                    A         B        C        D         E        F      G
               +---------+---------+-------+---------+---------+-------+---------
         Total |       0 |      37 |   0.0 |       0 |      24 |   0.0 |   560
               +---------+---------+-------+---------+---------+-------+---------
           D:1 |       0 |      14 |   0.0 |       0 |       8 |   0.0 |   238
           D:2 |       0 |      16 |   0.0 |       0 |      10 |   0.0 |   240
           D:3 |       0 |       7 |   0.0 |       0 |       6 |   0.0 |    82
               +---------+---------+-------+---------+---------+-------+---------
